Unix NetHack Version 5.0.0-0 post-release - last build Jun 10 2026 00:39:30 (3ee93aec679c4c4259841fe613dc97188e26a321,branch:main).

Game began 2026-06-28 07:46:57, ended 2026-06-28 07:52:21.

DiePARTEI, neutral male human Tourist

                                -----                                 ----
   ----                         |...----                        ------|..--
  --..---                       |......-----                    |..|.--...---
  |.....|                      --....|.....|                   --...........|
  |.....|               ----  --.....|---..----                |..).........--
  --..---         ---   |..----..--.-- --.....-------- ----    --............--
   --.--          |.-----........|--- --.............---..---   --<---.G......|
    |..------------...|..........--   |.......-----...|.....|    --- |.@..--.--
    |.............................|   |.......------........|       --.G------
    |..--------..................--   ---........|--.....----       |...|
    ----   |..|....----.........--      ------.|.--..|...-----      --.G----
           |.......| --.......---            |.|.....---.....|       --..|.---
           ---..---- |.....--.--           ---.........|----.|        |......--
             ---- -----....||..--          |...........--  |.---    ---.......|
                  |..|.....|--..--         |............|  |...|  ---.>......--
             ---- |........| --..---       --..--.|..|..|  |-..----...--....-|
             |..|--.......--  --...|        --.|---------  |........-----....|
             |..--........|    ---.--       --.|           --....----   --..--
             ---..........|      |..|       |..|            ---.--       ----
               --.------.--      |..|       |..|              ---
                ---    ---       ----       ----
DiePARTEI the Rambler       St:10 Dx:10 Co:16 In:13 Wi:9 Ch:17  Neutral
Dlvl:3  $:1009 HP:0(12) Pw:2(2) AC:10 Xp:1 T:643 

Latest messages:
 The grid bug bites!
 You get zapped!
 You hit the grid bug.
 The grid bug bites!
 You get zapped!
 You kill the grid bug!
 You see here a food ration.
 You learn more about your items by comparing them.
 b - an uncursed food ration (5 in total).
 You swap places with your little dog.
 You see here 10 gold pieces.
 $ - 10 gold pieces (1009 in total).
 The door opens.
 You see here a swirly potion.
 s - a swirly potion.
 The newt bites!
 The little dog bites the lichen.
 The lichen is killed!
 The newt bites!
 The little dog bites the newt.
 The newt misses the little dog.
 This door is locked.
 Unlock it with your credit card? [ynq] (q) n
 The little dog bites the newt.
 The newt is killed!
 Your little dog eats a newt corpse.
 You see here a lichen corpse.
 There is a lichen corpse here; eat it? [ynq] (n) y
 This lichen corpse tastes okay.
 You finish eating the lichen corpse.
 You swap places with your little dog.
 You descend the stairs.
 The little dog bites it.
 What do you want to read? [ho or ?*] h
 As you read the scroll, it disappears.
 A map coalesces in your mind!
 You see here a white gem.
 The gnome hits!
 The gnome picks up a white gem.
 You hit the gnome lord.
 The gnome lord hits!
 You hit the gnome lord.
 The gnome hits!
 It misses the gnome.
 In what direction? 2
 The dart misses the gnome lord.
 It misses the gnome.
 The gnome hits!
 You die...
 Do you want your possessions identified? [ynq] (y) q

Inventory:
 Coins    ('$')
  $ - 1009 gold pieces
 Weapons  (')')
  a - 33 +2 darts (at the ready)
  r - a +0 dagger
  m - a +0 orcish dagger
 Armor    ('[')
  i - an uncursed +0 Hawaiian shirt with a toucan motif (being worn)
 Comestibles  ('%')
  d - 4 uncursed slime molds
  e - an uncursed cream pie
  b - 5 uncursed food rations
  c - an uncursed orange
  f - 2 uncursed eggs
 Scrolls  ('?')
  o - a cursed scroll of fire
  h - 3 uncursed scrolls of magic mapping
 Potions  ('!')
  g - an uncursed potion of extra healing
  s - an uncursed potion of paralysis
 Wands    ('/')
  p - a wand of digging (0:2)
  n - a wand of nothing (0:12)
 Tools    ('(')
  q - a cursed brass lantern
  k - an uncursed credit card
  j - an expensive camera (0:62)
  l - a cursed tin whistle named shrill

DiePARTEI the Tourist's attributes:

Background:
 You were a Rambler, a level 1 male human Tourist.
 You were neutral, on a mission for The Lady
 who was opposed by Blind Io (lawful) and Offler (chaotic).
 You were right-handed.
 You were in the Gnomish Mines, on level 3.
 You entered the dungeon 643 turns ago.
 You had 18 experience points, 2 more were needed to attain level 2.

Basics:
 You had 0 out of 12 hit points.
 You had both energy points (spell power).
 Your armor class was 10.
 Your wallet contained 1009 zorkmids.
 Autopickup was off.

Final Characteristics:
 Your strength was 10 (limit:18/100).
 Your dexterity was 10 (limit:18).
 Your constitution was 16 (limit:18).
 Your intelligence was 13 (limit:18).
 Your wisdom was 9 (limit:18).
 Your charisma was 17 (limit:18).

Final Status:
 You weren't hungry.
 You were unencumbered.
 You were bare handed.
 You were unskilled in bare handed combat.

Final Attributes:
 You were nominally aligned.
 You are dead.

Miscellaneous:
 You didn't encounter any bones levels.
 Total elapsed playing time was 5 minutes and 24 seconds.

Major events:
 Turn
    1: DiePARTEI the neutral male human Tourist entered the dungeon
  633: entered the Gnomish Mines
  643: killed by a gnome

You didn't know any spells.

Skills:
 Fighting Skills
   bare handed combat [Unskilled]
   two weapon combat  [Unskilled]
   riding             [Unskilled]
 Weapon Skills
   dagger             [Unskilled]
   knife              [Unskilled]
   axe                [Unskilled]
   pick-axe           [Unskilled]
   short sword        [Unskilled]
   broadsword         [Unskilled]
   long sword         [Unskilled]
   two-handed sword   [Unskilled]
   saber              [Unskilled]
   mace               [Unskilled]
   morning star       [Unskilled]
   flail              [Unskilled]
   hammer             [Unskilled]
   quarterstaff       [Unskilled]
   polearms           [Unskilled]
   spear              [Unskilled]
   trident            [Unskilled]
   lance              [Unskilled]
   bow                [Unskilled]
   sling              [Unskilled]
   crossbow           [Unskilled]
   dart               [Basic]
   shuriken           [Unskilled]
   boomerang          [Unskilled]
   whip               [Unskilled]
   unicorn horn       [Unskilled]
 Spellcasting Skills
   divination spells  [Unskilled]
   enchantment spells [Unskilled]
   escape spells      [Unskilled]

Voluntary challenges:
 Character rerolling was not enabled.
 You followed a strict vegan diet.
 You were an atheist.
 You never hit with a wielded weapon.
 You never genocided any monsters.
 You never polymorphed an object.
 You never changed form.
 You used no wishes.
Achievement:
 You entered the Gnomish Mines.

 The Dungeons of Doom: levels 1 to 2
    Level 1:
       A fountain.
    Level 2:
       Stairs down to The Gnomish Mines.
 The Gnomish Mines:
    Level 3: <- You were here.
       Final resting place for
          you, killed by a gnome.


Vanquished creatures:
  a gnome
  a jackal
  2 foxes
  a goblin
  4 grid bugs
  3 lichens
  2 newts
14 creatures vanquished.

No species were genocided or became extinct.

Game over:
                       ----------
                      /          \
                     /    REST    \
                    /      IN      \
                   /     PEACE      \
                  /                  \
                  |    DiePARTEI     |
                  |     1009 Au      |
                  |   killed by a    |
                  |      gnome       |
                  |                  |
                  |                  |
                  |       2026       |
                 *|     *  *  *      | *
        _________)/\\_//(\/(/\)/\//\/|_)_______

Aloha DiePARTEI the Tourist...

You died in The Gnomish Mines on dungeon level 3 with 196 points,
and 1009 pieces of gold, after 643 moves.
You were level 1 with a maximum of 12 hit points when you died.

